 Dungeon Sprint DCSS version 0.31-a0-37-g98a128e1d9 (webtiles) character file.

Game seed: 9394899485789992654

2343 fozzywoppz the Severer (level 9, -4/85 HPs)
             Began as a Formicid Fighter on May 15, 2023.
             Was a Believer of Okawaru.
             Slain by a two-headed ogre
             ... wielding a +0 giant spiked club
              (24 damage)
             ... in the Dungeon (Sprint III: "The Ten Rune Challenge") on May 16, 2023.
             The game lasted 00:05:01 (1008 turns).

fozzywoppz the Severer (Formicid Fighter)           Turns: 1008, Time: 00:05:01

Health: -4/85      AC:  9    Str: 25    XL:     9   Next: 70%
Magic:  14/14      EV: 10    Int:  8    God:    Okawaru [**....]
Gold:   15         SH:  5    Dex: 13    Spells: 8/8 levels left

rFire   . . .        a - +0 war axe
rCold   . . .        c - +0 buckler
rNeg    . . .        j - +0 chain mail
rPois   .            (helmet unavailable)
rElec   .            (no cloak)
rCorr   .            (no gloves)
SInv    +            (no boots)
Will    .....        (no amulet) Stlth
                     (no ring)
HPRegen 0.34/turn    (no ring)
MPRegen 0.14/turn

%: no passive effects
@: no status effects
A: permanent stasis, dig shafts and tunnels, antennae 3, four strong arms,
mutation resistance 1, robust 1
a: Dig, Renounce Religion, Heroism


You were in the Dungeon.
You worshipped Okawaru.
Okawaru was pleased with you.
You visited 1 branch You collected 15 gold pieces.

Inventory:

Hand Weapons
 a - a +0 war axe (weapon)
Armour
 c - a +0 buckler (worn)
 j - a +0 chain mail (worn)
Wands
 d - a wand of flame (9)
Scrolls
 b - a scroll of immolation {unknown}
 h - a scroll of blinking
 i - 2 scrolls of poison {unknown}
 k - 2 scrolls of identify {unknown}
Potions
 e - a potion of curing
 g - 2 potions of magic
 l - a potion of flight {unknown}
 m - a potion of brilliance {unknown}
 n - 3 potions of mutation
Miscellaneous
 o - a box of beasts


   Skills:
 - Level 10.0 Fighting
 + Level 16.4 Axes
 - Level 5.0 Armour
 + Level 5.4 Dodging
 - Level 5.0 Shields
 + Level 7.9 Invocations


You had 8 spell levels left.
You didn't know any spells.
Your spell library contained the following spells:

 Spells                   Type           Power      Damage    Failure   Level
 Portal Projectile        Hex/Tloc       0%         N/A       100%        3
 Leda's Liquefaction      Hex/Erth       0%         N/A       100%        4
 Call Canine Familiar     Summ           Unusable   N/A       N/A         3

Dungeon Overview and Level Annotations

Branches:
Dungeon (1/1)

Altars:
Cheibriados
Dithmenos
Elyvilon
Fedhas
Gozag
Hepliaklqana
Kikubaaqudgha
Makhleb
Nemelex Xobeh
Okawaru
Qazlal
Ru
Sif Muna
Trog
Uskayaw
Vehumet
Wu Jian
Xom
Yredelemnul
Zin
The Shining One
Jiyva
Lugonu


Innate Abilities, Weirdness & Mutations

You cannot be hasted, slowed, berserked, paralysed or teleported.
You can dig through walls and to a lower floor.
You have a pair of large antennae on your head. (SInv)
Your four strong arms can wield two-handed weapons with a shield.
You are somewhat resistant to further mutation.
You are robust. (+10% HP)


Message History

You slash the two-headed ogre!
The two-headed ogre is severely wounded.
The two-headed ogre hits you with a +0 giant spiked club!
The two-headed ogre hits you with a +0 giant club!!
* * * LOW HITPOINT WARNING * * *
Unknown command.
Aiming: Throw Flame
Press: ? - help, Shift-Dir - straight line, f - two-headed ogre
Aim: a two-headed ogre, wielding a +0 giant spiked club and a +0 giant club (severely wounded, 85% to hit)
The puff of flame misses the two-headed ogre.
The two-headed ogre attacks as you move away!
The two-headed ogre barely misses you. The two-headed ogre closely misses you.
Things that are here:
a +0 giant spiked club; a +0 giant spiked club The two-headed ogre attacks as you move away!
The two-headed ogre barely misses you. You block the two-headed ogre's attack.
Aiming: Throw Flame
Press: ? - help, Shift-Dir - straight line, f/p - two-headed ogre
Aim: a two-headed ogre, wielding a +0 giant spiked club and a +0 giant club (severely wounded, 85% to hit)
The puff of flame hits the two-headed ogre.
The two-headed ogre is severely wounded.
Unknown command.
The two-headed ogre attacks as you move away!
You block the two-headed ogre's attack.
The two-headed ogre hits you with a +0 giant club!
* * * LOW HITPOINT WARNING * * *
You hit the two-headed ogre but do no damage.
The two-headed ogre is severely wounded.
The two-headed ogre closely misses you. The two-headed ogre barely misses you.
You barely miss the two-headed ogre.
The two-headed ogre is severely wounded.
You feel better.
The two-headed ogre hits you but does no damage.
The two-headed ogre barely misses you.
You slash the two-headed ogre!
The two-headed ogre is almost dead.
You barely miss the two-headed ogre.
The two-headed ogre is almost dead.
The two-headed ogre hits you with a +0 giant spiked club!!
You die... __#___#__# ).#__)#)_# {{{{{{ {{ #'#'###'## {{{{{{ { .........# {{{{{{

{{ ⌠........# {{
..######'#
⌠.#__#...#+##############
..#__#...#....#.#.#.....#
###__#...##.#..#@##.###.#
).#__#...'##.#.#O##)#.)##
__#__'...#)..#..#..##..
▓▓▓▓▓▓▓▓▓▓▓▓▓▓▓▓▓▓▓▓▓▓▓ {
{ { { {{ { {{


You could see a two-headed ogre.

Vanquished Creatures
  Erolcha (D)
  A deep elf pyromancer (D)
  A shadow (D)
  A spatial vortex (D)
  4 two-headed ogres (D)
  A necrophage (D)
  A water elemental (D)
  A scorpion (D)
  A jelly (D)
  A wizard (D)
  Jessica (D)
  A necromancer (D)
  A kobold demonologist (D)
  3 humans (D)
  An endoplasm (D)
  2 rats (D)
22 creatures vanquished.

Notes
Turn   | Place    | Note
-------+----------+-------------------------------------------
     0 | D        | fozzywoppz the Formicid Fighter began the quest for the
                  | Orb.
     0 | D        | Reached XP level 1. HP: 18/18 MP: 1/1
    53 | D        | Noticed Jessica
    56 | D        | Killed Jessica
    57 | D        | Reached skill level 3 in Axes
    57 | D        | Reached skill level 5 in Shields
    57 | D        | Reached XP level 2. HP: 19/26 MP: 2/2
    57 | D        | Reached XP level 3. HP: 24/32 MP: 3/3
    83 | D        | Noticed a scorpion
    94 | D        | Killed a scorpion
    95 | D        | Reached skill level 5 in Axes
    95 | D        | Reached skill level 5 in Armour
    95 | D        | Reached XP level 4. HP: 29/41 MP: 4/4
   109 | D        | Reached XP level 5. HP: 26/48 MP: 5/5
   128 | D        | Gained mutation: You are clumsy. (Dex -2) [potion of
                  | mutation]
   128 | D        | Gained mutation: You have sharp fingernails. [potion of
                  | mutation]
   128 | D        | Gained mutation: Your muscles are strong. (Str +4, Int/Dex
                  | -1) [potion of mutation]
   129 | D        | Lost mutation: Your muscles are strong. (Str +4, Int/Dex
                  | -1) [potion of mutation]
   129 | D        | Lost mutation: You are clumsy. (Dex -2) [potion of
                  | mutation]
   129 | D        | Lost mutation: You have sharp fingernails. [potion of
                  | mutation]
   129 | D        | Gained mutation: You are robust. (+10% HP) [potion of
                  | mutation]
   129 | D        | Gained mutation: You are somewhat resistant to further
                  | mutation. [potion of mutation]
   204 | D        | Noticed a water elemental
   210 | D        | Killed a water elemental
   211 | D        | Reached skill level 6 in Axes
   217 | D        | Found a radiant altar of Vehumet.
   218 | D        | Found a shimmering blue altar of Sif Muna.
   218 | D        | Found an ancient bone altar of Kikubaaqudgha.
   220 | D        | Reached skill level 7 in Axes
   225 | D        | Reached XP level 6. HP: 50/63 MP: 6/6
   230 | D        | Found a glowing silver altar of Zin.
   230 | D        | Found a glowing golden altar of the Shining One.
   230 | D        | Found a white marble altar of Elyvilon.
   231 | D        | Noticed a deep elf pyromancer
   234 | D        | Killed a deep elf pyromancer
   235 | D        | Reached skill level 10 in Fighting
   235 | D        | Reached skill level 12 in Axes
   235 | D        | Reached XP level 7. HP: 54/72 MP: 7/7
   292 | D        | Found a hide-covered altar of Uskayaw.
   292 | D        | Found an iron altar of Okawaru.
   295 | D        | Found a bloodstained altar of Trog.
   295 | D        | Found an ornate altar of the Wu Jian Council.
   295 | D        | Noticed a human
   295 | D        | Noticed a human
   307 | D        | Killed a human
   308 | D        | Reached skill level 13 in Axes
   308 | D        | Reached XP level 8. HP: 48/79 MP: 8/8
   309 | D        | Killed a human
   310 | D        | Reached skill level 14 in Axes
   313 | D        | Became a worshipper of Warmaster Okawaru
   400 | D        | Found a basalt altar of Yredelemnul.
   400 | D        | Found a shadowy altar of Dithmenos.
   400 | D        | Found a sacrificial altar of Ru.
   562 | D        | Noticed a shadow
   565 | D        | Killed a shadow
   566 | D        | Reached skill level 15 in Axes
   570 | D        | Found a blossoming altar of Fedhas.
   570 | D        | Found a stormy altar of Qazlal.
   571 | D        | Found a snail-covered altar of Cheibriados.
   571 | D        | Found a burning altar of Makhleb.
   571 | D        | Found a hazy altar of Hepliaklqana.
   571 | D        | Found a shimmering altar of Xom.
   571 | D        | Found an opulent altar of Gozag.
   571 | D        | Found a sparkling altar of Nemelex Xobeh.
   571 | D        | Found a corrupted altar of Lugonu.
   571 | D        | Found a viscous altar of Jiyva.
   580 | D        | Reached * piety under Okawaru
   605 | D        | Reached skill level 1 in Dodging
   608 | D        | Reached XP level 9. HP: 59/85 MP: 10/12
   853 | D        | Noticed a two-headed ogre
   859 | D        | Killed a two-headed ogre
   860 | D        | Reached skill level 5 in Invocations
   976 | D        | Noticed a two-headed ogre
   976 | D        | Noticed Erolcha
   989 | D        | Killed Erolcha
   989 | D        | Reached ** piety under Okawaru
   990 | D        | Reached skill level 16 in Axes
   990 | D        | Reached skill level 5 in Dodging
  1008 | D        | Slain by a two-headed ogre

Illustrated notes

Levels and vault maps discovered:
D:        dungeon_sprint_mu [sprint_mu_entry_cave, sprint_mu_temple_rooms,
          sprint_mu_d1_spiders, sprint_mu_d2_genie, sprint_mu_d3_branching,
          sprint_mu_orc_legion, sprint_mu_elf_gauntlet, sprint_mu_hive_nellie,
          sprint_mu_lair_fedhas, sprint_mu_vaults_butterflies,
          sprint_mu_slime_circle, sprint_mu_shoals_kraken,
          sprint_mu_snake_twists, sprint_mu_blade_basic,
          sprint_mu_crypt_chambers, sprint_mu_tomb_spiral,
          sprint_mu_vestibule_basic, sprint_mu_gehenna_hellfire,
          sprint_mu_dis_giant, sprint_mu_tartarus_statrot,
          sprint_mu_cocytus_islands, sprint_mu_zot1]

Skill      XL: |  1  2  3  4  5  6  7  8  9 |
---------------+----------------------------+-----
Fighting       | 4 6 7 9 10 | 10.0
Axes           | 3 5 7 12 13 15 16 | 16.4
Armour         | 4 5 |  5.0
Shields        | 5 |  5.0
Invocations    | 4 7 |  7.9
Dodging        | 1 5 |  5.4

Action                     |  1- 3 |  4- 6 |  7- 9 || total
---------------------------+-------+-------+-------++-------
  Melee: War axe           |    17 |    27 |    66 ||   110
  Evoke: Wand              |       |       |     4 ||     4
    Use: Potion            |       |     3 |     2 ||     5
 Armour: Scale mail        |     3 |       |       ||     3
         Chain mail        |     3 |     6 |     7 ||    16
  Dodge: Dodged            |     3 |     9 |    17 ||    29
  Block: Buckler           |     3 |     5 |     9 ||    17

Table legend: (Time is in decaauts)
 A = Elapsed time spent in this place.
 B = Non-inter-level travel time spent in this place.
 C = Inter-level travel time spent in this place.
 D = Time resting spent in this place.
 E = Time spent auto-exploring this place.
 F = Levels seen in this place.
 G = Mean time per level.
                   A        B        C        D        E       F      G
               +--------+--------+--------+--------+--------+-----+--------+
         Total |   1007 |   1007 |      0 |    648 |      0 |   1 | 1007.0 |
       Dungeon |   1007 |   1007 |      0 |    648 |      0 |   1 | 1007.0 |
               +--------+--------+--------+--------+--------+-----+--------+

Top non-repeatable levels by time:
       D: 1007 daAuts
